Map: Coda LE (Void)

Players

Proletarier - Winner!

  • Race: Zerg Zerg

Shamanas - Winner!

  • Race: Zerg Zerg

Flow

  • Race: Zerg Zerg

DarkTherROne

  • Race: Zerg Zerg

VOD

Have the link to the VOD?

Description

Time

  • Played on: May 1, 2015, 10:21 a.m.
  • Length: 15:42
Show
View Real Time Build Order
Export as new Build Order

Proletarier Zerg - Winner!

Build Orders: Hatch First 

Get SALT Encoding   

  12  0:02  Drone  
  13  0:18  Drone  
  13  0:19  Overlord  
  14  0:23  Extractor  
  14  0:24  Drone  
  15  0:48  Hatchery  
  14  0:52  Drone  
  15  1:06  Spawning Pool  
  14  1:25  Drone x2  
  16  1:26  Overlord  
  16  1:53  Hatchery  
  15  1:54  Extractor  
  15  1:56  Queen  
  16  2:09  Queen  
  16  2:13  Drone  
  19  2:18  Drone  
  19  2:21  Drone  
  21  2:32  Drone  
  22  2:39  Drone x3  
  25  2:54  Metabolic Boost  
  25  2:58  Drone  
  25  2:59  Drone x2  
  28  3:06  Zergling x4  
  30  3:13  Queen  
  30  3:16  Zergling x2  
  33  3:22  Zergling x4  
  35  3:34  Drone x2  
  36  3:35  Baneling Nest  
  35  3:42  Drone x3  
  38  3:49  Drone x3  
  38  3:53  Overlord  
  41  3:58  Overlord  
  41  4:11  Queen  
  41  4:14  Extractor  
  42  4:17  Drone x3  
  42  4:20  Zergling x8  
  49  4:27  Evolution Chamber  
  48  4:32  Evolution Chamber  
  48  4:35  Drone x2, Spine Crawler  
  48  4:36  Zergling x2  
  49  4:47  Zergling x2  
  49  4:48  Zergling x4  
  49  4:50  Baneling x2  
  49  4:51  Zergling x4, Baneling x2  
  49  4:52  Zergling x2  
  52  4:56  Drone  
  52  4:57  Drone  
  52  4:59  Drone x2  
  56  5:01  Baneling  
  56  5:06  Drone  
  57  5:14  Overlord x2  
  57  5:27  Drone x3  
  57  5:28  Roach Warren  
  56  5:29  Zergling x6  
  56  5:35  Drone x3  
  58  5:36  Drone  
  58  5:42  Zerg Missile Weapons Level 1  
  59  5:45  Zerg Ground Armor Level 1  
  59  5:47  Drone x2  
  61  5:52  Drone x2  
  61  5:56  Lair  
  63  5:59  Drone, Extractor  
  63  6:00  Extractor  
  63  6:01  Extractor  
  63  6:02  Drone, Extractor  
  61  6:04  Drone  
  61  6:07  Drone x2  
  61  6:08  Drone  
  61  6:10  Drone  
  61  6:11  Drone  
  67  6:17  Drone x3  
  67  6:18  Drone  
  71  6:21  Drone x2  
  71  6:23  Drone  
  71  6:29  Drone x2  
  71  6:32  Drone x2  
  74  6:35  Overlord  
  73  6:47  Overlord  
  73  6:53  Glial Reconstitution  
  73  6:55  Roach  
  73  6:56  Roach x3  
  73  6:57  Overlord x2  
  81  7:02  Overlord  
  81  7:09  Drone x2  
  81  7:10  Roach x3  
  91  7:15  Roach  
  91  7:17  Roach x3  
  91  7:18  Drone x2, Roach  
  91  7:19  Drone x2  
  91  7:21  Overseer  
  103  7:28  Roach x4  
  111  7:31  Ravager x3  
  113  7:45  Overlord x2  
  113  7:50  Overlord x2  
  113  7:56  Spine Crawler  
  113  7:57  Spine Crawler, Roach  
  113  8:00  Overlord  
  113  8:03  Roach  
  113  8:04  Roach  
  113  8:05  Roach x4  
  125  8:06  Roach  
  125  8:09  Hatchery  
  125  8:10  Roach x2  
  125  8:11  Roach  
  132  8:13  Drone x2  
  132  8:16  Zerg Missile Weapons Level 2  
  134  8:22  Zerg Ground Armor Level 2  
  134  8:26  Roach x2  
  136  8:28  Roach  
  136  8:33  Drone  
  139  8:34  Spire  
  139  8:35  Drone  
  139  8:36  Drone  
  139  8:37  Drone  
  139  8:41  Roach x2  
  145  8:42  Drone  
  145  8:44  Overlord  
  142  8:50  Roach  
  142  8:51  Roach x3  
  142  8:52  Ravager  
  142  8:53  Ravager  
  142  8:55  Roach  
  149  8:58  Roach  
  149  8:59  Roach  
  153  9:10  Drone, Overlord  
  154  9:32  Queen  
  154  9:34  Drone  
  157  9:40  Overseer  
  157  9:41  Overseer  
  157  9:46  Mutalisk x9  
  175  9:54  Overlord x2  
  175  9:59  Infestation Pit  
  174  10:02  Mutalisk  
  174  10:05  Overlord  
  176  10:12  Mutalisk  
  176  10:13  Mutalisk x6  
  188  10:16  Mutalisk  
  188  10:20  Extractor  
  191  10:23  Extractor  
  191  10:25  Drone  
  191  10:30  Mutalisk x2  
  191  10:33  Queen  
  197  10:37  Hatchery  
  197  10:39  Spine Crawler  
  197  10:40  Spine Crawler  
  197  10:42  Mutalisk x2  
  194  10:47  Zergling x2  
  194  10:48  Zergling x2  
  200  10:58  Hive  
  200  11:08  Spine Crawler  
  199  11:20  Queen  
  164  12:00  Overlord x3  
  162  12:10  Greater Spire  
  162  12:11  Corruptor x10  
  162  12:12  Corruptor  
  162  12:14  Corruptor  
  182  12:19  Zergling x2  
  182  12:20  Zergling x14  
  182  12:21  Zergling x8  
  182  12:22  Zergling x4  
  194  12:47  Corruptor x2  
  161  13:08  Hatchery  
  161  13:09  Queen  
  162  13:21  Brood Lord x2  
  162  13:22  Corruptor, Brood Lord x8  
  162  13:23  Corruptor  
  162  13:26  Corruptor  
  181  13:37  Corruptor  
  181  13:38  Corruptor  
  181  13:40  Zergling x4  
  185  13:48  Corruptor  
  183  13:57  Corruptor x3  
  185  14:02  Corruptor  
  186  14:26  Corruptor x2  
  186  14:27  Ravager x3  
  186  14:28  Overlord  
  186  14:29  Overlord  
  193  14:34  Drone x3  
  194  14:43  Queen  
  196  14:47  Corruptor x2  
  196  14:51  Overseer  
  196  14:52  Overseer  
  200  15:12  Extractor  
  200  15:13  Extractor  
Show
View Real Time Build Order
Export as new Build Order

Shamanas Zerg - Winner!

Build Orders: Hatch First, Lurkers 

Get SALT Encoding   

  12  0:01  Drone  
  13  0:11  Drone  
  14  0:36  Hatchery  
  14  0:37  Drone  
  14  0:56  Spawning Pool  
  13  0:59  Drone  
  14  1:07  Overlord  
  14  1:20  Extractor  
  14  1:21  Drone  
  14  1:26  Drone x2  
  14  1:32  Drone  
  17  1:43  Overlord  
  17  1:44  Queen  
  19  1:49  Drone  
  19  1:54  Zergling x2  
  21  2:02  Queen  
  21  2:07  Drone  
  24  2:10  Zergling x2  
  25  2:19  Drone x2  
  27  2:27  Metabolic Boost  
  27  2:33  Drone x2  
  29  2:41  Baneling Nest, Drone  
  29  2:44  Zergling x2  
  30  2:55  Drone x4  
  34  3:03  Overlord  
  34  3:18  Drone  
  34  3:19  Drone  
  36  3:23  Overlord  
  36  3:24  Roach Warren  
  36  3:25  Drone  
  35  3:29  Baneling  
  34  3:35  Extractor  
  34  3:37  Drone x3  
  34  3:38  Drone  
  34  3:40  Evolution Chamber  
  36  3:46  Zergling x8  
  40  3:49  Zergling x2  
  40  3:51  Zergling x2  
  40  3:52  Zergling x2  
  43  4:01  Drone x3, Overlord  
  46  4:05  Roach  
  48  4:10  Roach x2  
  52  4:19  Overlord  
  52  4:21  Roach x2  
  56  4:25  Roach  
  56  4:30  Lair  
  58  4:32  Drone, Extractor  
  58  4:36  Overlord  
  58  4:41  Ravager  
  56  4:52  Ravager x2  
  53  4:55  Drone x2  
  53  4:56  Hatchery  
  54  5:03  Drone x4  
  58  5:07  Drone  
  58  5:08  Drone, Extractor  
  59  5:15  Overlord  
  59  5:16  Drone x2  
  59  5:20  Zerg Missile Weapons Level 1  
  58  5:28  Glial Reconstitution  
  58  5:34  Roach  
  48  5:41  Drone x6  
  48  5:42  Drone x3  
  57  5:44  Roach  
  57  5:46  Roach  
  61  5:51  Roach  
  61  5:56  Roach  
  65  5:58  Roach  
  65  6:00  Roach x2  
  65  6:03  Extractor  
  70  6:07  Extractor  
  70  6:09  Roach x2  
  70  6:10  Roach  
  75  6:13  Roach  
  77  6:20  Roach x2  
  81  6:30  Hatchery  
  81  6:31  Overlord  
  80  6:33  Overlord  
  80  6:36  Overlord  
  80  6:42  Evolution Chamber  
  80  6:43  Overlord  
  79  6:51  Ravager x2  
  79  6:52  Ravager x2  
  79  6:53  Drone  
  79  6:54  Drone x4  
  86  6:55  Drone  
  86  6:57  Drone  
  90  7:04  Roach x3  
  96  7:19  Roach x2  
  96  7:20  Roach x4  
  108  7:24  Zerg Missile Weapons Level 2  
  108  7:34  Overlord x3  
  108  7:41  Overlord  
  108  7:43  Drone x2  
  110  7:46  Drone x2  
  110  7:48  Zerg Ground Armor Level 1  
  112  7:51  Drone x2  
  112  7:53  Drone  
  112  7:54  Drone  
  112  7:55  Drone  
  117  7:58  Drone  
  117  8:00  Ravager x3  
  121  8:06  Drone x5  
  121  8:10  Roach  
  121  8:12  Roach  
  130  8:25  Roach x6  
  142  8:27  Overlord  
  142  8:34  Ravager x4  
  143  8:42  Roach  
  143  8:43  Overlord x2  
  139  8:55  Roach x6  
  146  8:57  Roach  
  146  8:58  Roach x3  
  154  9:08  Hydralisk Den  
  154  9:09  Roach x3  
  159  9:16  Hatchery  
  158  9:18  Ravager x2  
  160  9:25  Lurker Den  
  160  9:29  Queen  
  160  9:30  Hatchery  
  161  9:33  Drone  
  161  9:36  Overlord x3  
  160  9:46  Extractor  
  160  9:47  Hydralisk x2, Extractor  
  160  9:52  Overlord  
  162  9:55  Hydralisk x4  
  170  10:02  Ravager x3  
  170  10:05  Overlord, Ravager x5  
  170  10:06  Ravager  
  179  10:07  Roach  
  179  10:09  Drone x3  
  184  10:17  Drone x3  
  181  10:36  Roach  
  181  10:37  Spore Crawler  
  181  10:38  Spore Crawler  
  181  10:39  Spore Crawler  
  181  10:42  Spore Crawler  
  179  10:44  Spore Crawler  
  179  10:45  Drone x2, Spore Crawler  
  179  10:46  Spore Crawler  
  179  10:47  Hydralisk x3  
  179  10:48  Hydralisk  
  179  10:49  Hydralisk  
  186  10:54  Lurker x3  
  186  10:55  Lurker  
  192  11:00  Muscular Augments  
  192  11:02  Drone  
  192  11:03  Drone  
  194  11:05  Drone  
  194  11:06  Drone  
  194  11:07  Drone  
  197  11:15  Drone  
  189  11:35  Hydralisk x4  
  189  11:36  Hydralisk  
  199  11:44  Spire  
  199  11:45  Spore Crawler  
  197  11:47  Spore Crawler, Drone x2  
  197  11:48  Drone x2  
  197  11:49  Spore Crawler  
  197  11:50  Drone  
  200  12:06  Zerg Ground Armor Level 2, Zerg Melee Weapons Level 1  
  196  12:29  Overlord  
  192  12:31  Drone x5  
  192  12:33  Drone x3  
  156  12:57  Roach x14  
  156  12:58  Corruptor x6  
  139  13:07  Roach  
  139  13:08  Roach  
  139  13:12  Spine Crawler, Roach  
  139  13:15  Extractor  
  139  13:16  Roach x6  
  130  13:22  Roach x3  
  125  13:28  Roach  
  125  13:31  Ravager x3, Roach x2  
  125  13:32  Ravager x3  
  131  13:39  Roach x2  
  125  13:43  Roach  
  125  13:45  Roach x2  
  125  13:46  Roach x6  
  133  14:00  Roach  
  133  14:01  Roach x2  
  139  14:03  Spine Crawler  
  139  14:06  Spine Crawler, Roach x3  
  143  14:10  Ravager  
  143  14:12  Ravager x9  
  143  14:14  Roach x2  
  156  14:18  Roach x6  
  156  14:19  Roach  
  167  14:26  Roach x2  
  170  14:34  Roach x2  
  174  14:39  Drone  
  175  14:45  Drone  
  175  14:46  Drone x2  
  175  14:50  Ravager x2  
  180  14:55  Corruptor  
  180  14:57  Extractor  
  185  15:00  Spine Crawler, Roach x2  
  185  15:01  Extractor  
  185  15:03  Overlord  
  185  15:04  Roach  
  185  15:05  Roach x2  
Show
View Real Time Build Order
Export as new Build Order

Flow Zerg 

Build Orders:  

Get SALT Encoding   

Show
View Real Time Build Order
Export as new Build Order

DarkTherROne Zerg 

Build Orders:  

Get SALT Encoding   

Tags
 
Add a new tag
Caveats
  • Supply blocks, unpowered buildings, or Contaminate may cause inaccurate times.
  • Supply counts are checked every 10 seconds.